 Dungeon Sprint DCSS version 0.17-a0-1393-gcb420ff (webtiles) character file.

32621 Kidiri the Imperceptible (level 13, -14/57 (60) HPs)
             Began as a Spriggan Enchanter on June 16, 2015.
             Was the Champion of Dithmenos.
             Succumbed to poison (dark miasma)
             ... in the Dungeon (Sprint I: "Red Sonja").
             The game lasted 00:37:36 (4883 turns).

Kidiri the Imperceptible (Spriggan Enchanter)       Turns: 4883, Time: 00:37:38

HP:   -14/57 (60)   AC:  7    Str:  4    XL:     13   Next: 32%
MP:   32/35         EV: 36    Int: 24    God:    Dithmenos [******]
Gold: 3614          SH:  0    Dex: 26    Spells: 5 memorised, 35 levels left

rFire  + . .     SeeInvis +     y - +3 dagger "Koeturph" {drain, rElec rF+ MR- Dex+4}
rCold  + . .     Clarity  +     w - +2 robe of Istrarha {+Inv Dex+2}
rNeg   . . .     SustAt   .     (shield restricted)
rPois  .         Gourm    .     v - +2 hat {SInv}
rElec  +         Spirit   .     x - +0 cloak of the King {rC+ Int+4}
rCorr  +         Warding  .     (gloves unavailable)
rMut   .         NoTele   +     (boots unavailable)
MR     +....                    r - amulet of resist corrosion
Stlth  ++++++++++               (no ring)
                                (no ring)

@: lethally poisoned (-14 -> -153), very slightly contaminated, slowed, wreathed
by umbra, quick, somewhat resistant to hostile enchantments, uncannily stealthy
A: unfitting armour, see invisible, agile 1, berserk 1, clarity, deterioration
1, herbivore 3, speed 3, robust 1, slow metabolism 2
a: Shadow Step, Shadow Form, Renounce Religion, Evoke Invisibility


You were in the Dungeon.
You worshipped Dithmenos.
Dithmenos was exalted by your worship.
You were not hungry.

You visited 1 branch You collected 4771 gold pieces.
You spent 1157 gold pieces at shops.

Inventory:

Hand weapons
 a - a +1 dagger
 m - a +0 blowgun
 n - a +0 short sword of draining
 s - a +0 shortbow
 y - the +3 dagger "Koeturph" (weapon) {drain, rElec rF+ MR- Dex+4}
   (You bought it in a shop in the Dungeon)

   A truly terrible weapon, it drains the life of those it strikes.
   It affects your dexterity (+4).
   It protects you from fire.
   It insulates you from electricity.
   It affects your resistance to hostile enchantments.
Missiles
 o - 9 curare-tipped needles
 t - 83 arrows
 C - a throwing net (quivered)
Armour
 b - a +2 cloak
 p - a +2 robe
 q - a troll hide
 v - a +2 hat of see invisible (worn)
 w - the +2 robe of Istrarha (worn) {+Inv Dex+2}
   (You bought it in a shop in the Dungeon)

   It affects your dexterity (+2).
   It lets you turn invisible.
 x - the +0 cloak of the King (worn) {rC+ Int+4}
   (You bought it in a shop in the Dungeon)

   It affects your intelligence (+4).
   It protects you from cold.
Jewellery
 r - an amulet of resist corrosion (around neck)
Magical devices
 z - a wand of frost (22)
Scrolls
 f - 3 scrolls of fear
 k - a scroll of remove curse
 u - a scroll of holy word
Potions
 e - 2 potions of curing
 g - a potion of haste
 h - 2 potions of magic
 i - a potion of berserk rage
 l - a potion of brilliance
Books
 c - a book of Maledictions

   Spells                             Type                      Level
   a - Corona                         Hexes                        1
   b - Ensorcelled Hibernation        Hexes/Ice                    2
   c - Confuse                        Hexes                        3
   d - Tukima's Dance                 Hexes                        3
   e - Dazzling Spray                 Conjuration/Hexes            3
 A - the Compendium of Cold and Attacks
   (You found it in the Dungeon)

   Spells                             Type                      Level
   a - Freeze                         Ice                          1
   b - Ozocubu's Armour               Charms/Ice                   3
   c - Summon Ice Beast               Ice/Summoning                4
   d - Bolt of Cold                   Conjuration/Ice              6
   e - Freezing Cloud                 Conjuration/Ice/Air          6
 B - a book of Summonings

   Spells                             Type                      Level
   a - Recall                         Summoning/Translocation      3
   b - Aura of Abjuration             Summoning                    5
   c - Shadow Creatures               Summoning                    5
   d - Summon Demon                   Summoning                    5
   e - Summon Forest                  Summoning/Translocation      5
   f - Summon Mana Viper              Hexes/Summoning              5
Comestibles
 d - 3 bread rations


   Skills:
 * Level 16.1 Short Blades
 + Level 15.2 Dodging
 * Level 21.8 Stealth
 * Level 17.6 Spellcasting
 + Level 8.4 Conjurations
 + Level 13.4 Hexes
 + Level 9.3 Ice Magic
 + Level 10.3 Invocations
 + Level 10.2 Evocations


You had 35 spell levels left.
You knew the following spells:

 Your Spells              Type           Power        Failure   Level  Hunger
a - Corona                Hex            ######.      0%          1    None
b - Ensorcelled Hibernat  Hex/Ice        ######       1%          2    None
c - Confuse               Hex            ######..     1%          3    None
d - Tukima's Dance        Hex            ######..     1%          3    None
e - Dazzling Spray        Conj/Hex       ######..     1%          3    None


Dungeon Overview and Level Annotations

Branches:
Dungeon (1/1)

Altars:
Cheibriados
Dithmenos
Elyvilon
Fedhas
Gozag
Kikubaaqudgha
Makhleb
Nemelex Xobeh
Okawaru
Qazlal
Ru
Sif Muna
Trog
Vehumet
Xom
Yredelemnul
Zin
The Shining One
Jiyva

Shops:
D [!%}*([*((:*%}[!!(![}?

Annotations:
D Lom Lobon, Norris, Tiamat


Innate Abilities, Weirdness & Mutations

You are tiny and cannot use many weapons and most armour.
You have supernaturally acute eyesight.
You are a herbivore.
You cover ground extremely quickly.
You need consume almost no food.
You are agile. (Dex +2)
You tend to lose your temper in combat.
You possess an exceptional clarity of mind.
Your body sometimes deteriorates upon taking damage.
You are robust (+10% HP).


Message History

You feel as though you will be slow longer.
You feel very sick.
Lom Lobon blinks!
You are engulfed in dark miasma.
You are more poisoned.
You feel your flesh rotting away!
You feel as though you will be slow longer.
* * * LOW HITPOINT WARNING * * *
x2 You feel extremely sick.
Lom Lobon gestures. 3 ball lightnings come into view.
Read which item? (? for menu, Esc to quit)
Blink to where?
Press: ? - help, Dir - move target cursor, p - Lom Lobon You are very lightly contaminated with residual magic.
As you read the scroll of blinking, it crumbles to dust.
You are engulfed in dark miasma.
You are more poisoned.
You feel as though you will be slow longer.
* * * LOW HITPOINT WARNING * * *
You die...

#.§§###++##§##..$#..≈##..§§§§..##
#§§###..###..#+###..≈#...§§.§§§.#
#§^####..###...#.≈..##...§§§§...#
##'#..#..#.###.#.≈..#...§§§......
##§#....§....#.###..#...§§§§§....
####...§.§...#.#.+..##....§§.§..#
#(.+......####'#.##+##......§§..#
#####...###.)).#§#≈≈≈##.....§..##
#.[)#####)..####@#≈≈≈≈##()[§[(##
#.....)...###§§§§#≈≈≈≈≈########.§
:)....#####§§§§####≈≈≈≈#≈≈≈≈≈#.§§
)....##§&§§§§§§# #+≈≈≈'≈≈.≈≈'.§.
....##..§§*§§§§# ##≈≈#≈≈≈≈≈#
....#..§§**§§§§# ######'#####
#########§§§§§§# #≈≈≈≈≈≈≈≈≈≈##
≈≈≈≈≈≈≈d#§§§§§§#######≈≈≈≈≈≈≈≈≈≈≈
#########§§§§§.')§#}}'..)≈≈≈≈≈≈≈#


You could see 3 ball lightnings.

Vanquished Creatures
  the Lernaean hydra (D)
  A golden dragon (D)
  A deep elf master archer (D)
  A shadow dragon (D)
  4 fire giants (D)
  A lorocyproca (D)
  A mummy priest (D)
  A hydra (D)
  2 centaur warriors (D)
  Sonja (D)
  7 unseen horrors (D)
  A deep troll (D)
  8 shining eyes (D)
  A lindwurm (D)
  2 oklob plants (D)
  2 sirens (D)
  3 demonic crawlers (D)
  2 kobold demonologists (D)
  A gargoyle (D)
  A hellwing (D)
  A slime creature (D)
  4 trapdoor spiders (D)
  Sigmund (D)
  13 hogs (D)
  A yak (D)
  A wasp (D)
  An ogre (D)
  7 necrophages (D)
  8 jellies (D)
  Ijyb (D)
  7 giant eyeballs (D)
  A giant spore (D)
  A ballistomycete (D)
89 creatures vanquished.

Vanquished Creatures (others)
  A deep elf annihilator (D)
  A gargoyle (D)
  A demonic crawler (D)
  4 wasps (D)
  A giant spore (D)
8 creatures vanquished.

Grand Total: 97 creatures vanquished

Notes
Turn   | Place    | Note
--------------------------------------------------------------
     0 | D        | Kidiri the Spriggan Enchanter began the quest for the Orb.
     0 | D        | Reached XP level 1. HP: 9/9 MP: 5/5
     2 | D        | Noticed Ijyb
    16 | D        | Killed Ijyb
    16 | D        | Reached skill level 6 in Stealth
    16 | D        | Reached XP level 2. HP: 4/13 MP: 4/8
    22 | D        | Learned a level 2 spell: Ensorcelled Hibernation
   245 | D        | Noticed an ogre
   255 | D        | Killed an ogre
   255 | D        | Reached skill level 5 in Dodging
   255 | D        | Reached skill level 8 in Stealth
   255 | D        | Reached skill level 5 in Hexes
   255 | D        | Reached skill level 1 in Ice Magic
   255 | D        | Reached XP level 3. HP: 16/16 MP: 0/11
   255 | D        | Reached XP level 4. HP: 21/21 MP: 0/13
   263 | D        | Learned a level 3 spell: Confuse
   267 | D        | Learned a level 3 spell: Tukima's Dance
   271 | D        | Learned a level 3 spell: Dazzling Spray
   357 | D        | Noticed Sigmund
   364 | D        | Killed Sigmund
   364 | D        | Reached skill level 10 in Stealth
   364 | D        | Reached skill level 1 in Conjurations
   364 | D        | Reached XP level 5. HP: 17/24 MP: 10/16
   364 | D        | Reached XP level 6. HP: 19/28 MP: 10/17
   465 | D        | Found a snail-covered altar of Cheibriados.
   465 | D        | Found a viscous altar of Jiyva.
   465 | D        | Found a shadowy altar of Dithmenos.
   465 | D        | Found a blossoming altar of Fedhas.
   465 | D        | Noticed a slime creature
   468 | D        | Killed a slime creature
   468 | D        | Reached skill level 11 in Stealth
   470 | D        | Became a worshipper of Dithmenos the Shadowed
   489 | D        | Found a deep blue altar of Sif Muna.
   489 | D        | Noticed a jelly
   491 | D        | Found a radiant altar of Vehumet.
   495 | D        | Killed a jelly
   527 | D        | Found Jiarph's Gadget Emporium.
   527 | D        | Found a white marble altar of Elyvilon.
   527 | D        | Found a stormy altar of Qazlal.
   527 | D        | Found a burning altar of Makhleb.
   527 | D        | Found a sacrificial altar of Ru.
   527 | D        | Found a basalt altar of Yredelemnul.
   527 | D        | Found a glowing golden altar of the Shining One.
   527 | D        | Found a sparkling altar of Nemelex Xobeh.
   527 | D        | Found a shimmering altar of Xom.
   527 | D        | Found an opulent altar of Gozag.
   527 | D        | Found an ancient bone altar of Kikubaaqudgha.
   527 | D        | Found a glowing silver altar of Zin.
   527 | D        | Noticed a yak
   528 | D        | Found an iron altar of Okawaru.
   529 | D        | Killed a yak
   529 | D        | Reached skill level 1 in Invocations
   529 | D        | Reached XP level 7. HP: 32/32 MP: 18/20
   530 | D        | Found a bloodstained altar of Trog.
   539 | D        | Noticed Sonja
   543 | D        | Killed Sonja
   543 | D        | Reached skill level 13 in Stealth
   543 | D        | Reached skill level 10 in Spellcasting
   543 | D        | Reached XP level 8. HP: 36/36 MP: 20/23
   563 | D        | Found Joene's Antique Armour Boutique.
   571 | D        | Bought an embroidered robe for 15 gold pieces
   712 | D        | Noticed a deep troll
   716 | D        | Killed a deep troll
   727 | D        | Found Sim Hate's Armour Emporium.
   734 | D        | Bought a +2 cloak for 198 gold pieces
   763 | D        | Noticed a centaur warrior
   763 | D        | Noticed a centaur warrior
   765 | D        | Killed a centaur warrior
   765 | D        | Reached skill level 10 in Short Blades
   765 | D        | Reached skill level 10 in Dodging
   765 | D        | Reached skill level 14 in Stealth
   765 | D        | Reached skill level 5 in Ice Magic
   765 | D        | Reached XP level 9. HP: 39/39 MP: 23/25
   767 | D        | Killed a centaur warrior
   767 | D        | Acquired Dithmenos's first power
   767 | D        | Reached skill level 15 in Stealth
   767 | D        | Reached skill level 5 in Invocations
   782 | D        | Noticed a wasp
   785 | D        | Killed a wasp
   801 | D        | Noticed an oklob plant
   803 | D        | Killed an oklob plant
   817 | D        | Noticed a trapdoor spider
   822 | D        | Noticed a trapdoor spider
   823 | D        | Killed a trapdoor spider
   827 | D        | Noticed a trapdoor spider
   828 | D        | Noticed a trapdoor spider
   830 | D        | Killed a trapdoor spider
   834 | D        | Killed a trapdoor spider
   834 | D        | Acquired Dithmenos's second power
   834 | D        | Reached XP level 10. HP: 21/44 MP: 15/27
   836 | D        | Killed a trapdoor spider
   836 | D        | Reached skill level 5 in Conjurations
   961 | D        | Killed a wasp
   962 | D        | Killed a wasp
   997 | D        | Killed a wasp
  1090 | D        | Noticed a jelly
  1090 | D        | Noticed a jelly
  1099 | D        | Noticed an unseen horror
  1100 | D        | Noticed an unseen horror
  1108 | D        | Killed an unseen horror
  1108 | D        | Reached skill level 16 in Stealth
  1112 | D        | Killed an unseen horror
  1112 | D        | Reached skill level 10 in Hexes
  1115 | D        | Noticed a jelly
  1115 | D        | Noticed a jelly
  1115 | D        | Noticed a jelly
  1115 | D        | Noticed a jelly
  1115 | D        | Noticed a jelly
  1116 | D        | Noticed a necrophage
  1116 | D        | Noticed a necrophage
  1117 | D        | Killed a jelly
  1117 | D        | Acquired Dithmenos's third power
  1118 | D        | Killed a jelly
  1119 | D        | Killed a jelly
  1129 | D        | Killed a jelly
  1131 | D        | Killed a jelly
  1279 | D        | Killed a jelly
  1280 | D        | Noticed a necrophage
  1281 | D        | Killed a jelly
  1281 | D        | Acquired Dithmenos's fourth power
  1283 | D        | Noticed a necrophage
  1283 | D        | Noticed a necrophage
  1283 | D        | Noticed a necrophage
  1283 | D        | Noticed a necrophage
  1312 | D        | Killed a necrophage
  1317 | D        | Killed a necrophage
  1394 | D        | Killed a necrophage
  1396 | D        | Killed a necrophage
  1406 | D        | Killed a necrophage
  1419 | D        | Killed a necrophage
  1429 | D        | Killed a necrophage
  1449 | D        | Found Rauruck's General Store.
  1449 | D        | Found Rotu's Antique Armour Shop.
  1449 | D        | Found Jehuf's Antique Weapon Boutique.
  1451 | D        | Found Urisesch's Antique Weapon Emporium.
  1451 | D        | Found Lobbar's Book Shop.
  1451 | D        | Found Eckif's Assorted Antiques.
  1451 | D        | Found Yngick's Food Boutique.
  1451 | D        | Found Lerghatz's Gadget Emporium.
  1451 | D        | Found Ynlorydu's Antique Armour Shop.
  1451 | D        | Found Yveyrgh's Distillery.
  1453 | D        | Bought an embroidered hat for 108 gold pieces
  1460 | D        | Found Feepnuuj's Distillery.
  1461 | D        | Found Cirgh's Distillery.
  1461 | D        | Found Bukanop's Weapon Boutique.
  1462 | D        | Found Gautast's Gadget Emporium.
  1475 | D        | Bought an ancient robe for 125 gold pieces
  1475 | D        | Bought an ancient cloak for 209 gold pieces
  1485 | D        | Identified the +2 robe of Istrarha {+Inv Dex+2} (You bought it in a shop in the Dungeon)
  1495 | D        | Identified the +0 cloak of the King {rC+ Int+4} (You bought it in a shop in the Dungeon)
  1501 | D        | Bought a translucent dagger for 203 gold pieces
  1501 | D        | Identified the +3 dagger "Koeturph" {drain, rElec rF+ MR- Dex+4} (You bought it in a shop in the Dungeon)
  1735 | D        | Bought 2 scrolls of identify for 48 gold pieces
  1748 | D        | Bought a potion of mutation for 25 gold pieces
  1748 | D        | Gained mutation: You possess an exceptional clarity of mind. [potion of mutation]
  1748 | D        | Gained mutation: You are robust (+10% HP). [potion of mutation]
  1806 | D        | Noticed a kobold demonologist
  1807 | D        | Noticed a kobold demonologist
  1810 | D        | Killed a kobold demonologist
  1810 | D        | Reached skill level 1 in Evocations
  1812 | D        | Killed a kobold demonologist
  1812 | D        | Reached skill level 17 in Stealth
  1831 | D        | Noticed a demonic crawler
  1831 | D        | Noticed a demonic crawler
  1831 | D        | Noticed a demonic crawler
  1831 | D        | Noticed a demonic crawler
  1840 | D        | Killed a demonic crawler
  1991 | D        | Killed a demonic crawler
  2149 | D        | Killed a demonic crawler
  2309 | D        | Killed a demonic crawler
  2368 | D        | Noticed a lindwurm
  2377 | D        | Killed a lindwurm
  2377 | D        | Reached XP level 11. HP: 51/51 MP: 26/29
  2400 | D        | Noticed a hog
  2400 | D        | Noticed a hog
  2400 | D        | Noticed a hog
  2400 | D        | Noticed a hog
  2400 | D        | Noticed a hog
  2400 | D        | Noticed a hog
  2400 | D        | Noticed a hog
  2401 | D        | Noticed a hog
  2401 | D        | Noticed a hog
  2402 | D        | Noticed a hog
  2402 | D        | Noticed a hog
  2402 | D        | Noticed a hog
  2402 | D        | Killed a hog
  2403 | D        | Killed a hog
  2405 | D        | Killed a hog
  2407 | D        | Killed a hog
  2409 | D        | Killed a hog
  2411 | D        | Noticed a hog
  2411 | D        | Killed a hog
  2412 | D        | Killed a hog
  2415 | D        | Killed a hog
  2416 | D        | Killed a hog
  2418 | D        | Killed a hog
  2420 | D        | Killed a hog
  2421 | D        | Killed a hog
  2423 | D        | Killed a hog
  2423 | D        | Reached skill level 18 in Stealth
  2451 | D        | Noticed a 12-headed hydra
  2453 | D        | Killed a 12-headed hydra
  2455 | D        | Paralysed by a giant eyeball for 4 turns
  2478 | D        | Noticed a siren
  2478 | D        | Noticed a deep elf annihilator
  2535 | D        | Noticed a shadow dragon
  2535 | D        | Noticed a golden dragon
  2536 | D        | Killed a shadow dragon
  2536 | D        | Reached skill level 5 in Evocations
  2975 | D        | Noticed a daeva
  2978 | D        | Noticed an unseen horror
  2978 | D        | Noticed an unseen horror
  2978 | D        | Noticed an unseen horror
  2979 | D        | Noticed an unseen horror
  2981 | D        | Killed an unseen horror
  2983 | D        | Killed an unseen horror
  2984 | D        | Noticed an unseen horror
  2985 | D        | Killed an unseen horror
  2985 | D        | Reached skill level 15 in Spellcasting
  2987 | D        | Killed an unseen horror
  2987 | D        | Reached skill level 19 in Stealth
  2989 | D        | Killed an unseen horror
  3000 | D        | Noticed a fire giant
  3001 | D        | Noticed a fire giant
  3001 | D        | Noticed a fire giant
  3001 | D        | Noticed a fire giant
  3002 | D        | Killed a fire giant
  3002 | D        | Reached XP level 12. HP: 56/56 MP: 27/32
  3079 | D        | Killed a fire giant
  3106 | D        | Killed a fire giant
  3143 | D        | Killed a fire giant
  3173 | D        | Noticed Tiamat
  3289 | D        | Killed a gargoyle
  3351 | D        | Noticed a gargoyle
  3366 | D        | Killed a gargoyle
  3398 | D        | Noticed Norris
  3399 | D        | Noticed a lorocyproca
  3404 | D        | Killed a lorocyproca
  3404 | D        | Reached skill level 20 in Stealth
  3688 | D        | Noticed a shining eye
  3688 | D        | Noticed a shining eye
  3688 | D        | Noticed a shining eye
  3688 | D        | Noticed a shining eye
  3688 | D        | Noticed a shining eye
  3688 | D        | Noticed a shining eye
  3689 | D        | Noticed a shining eye
  3689 | D        | Noticed a shining eye
  3690 | D        | Killed a shining eye
  3691 | D        | Killed a shining eye
  3693 | D        | Killed a shining eye
  3694 | D        | Killed a shining eye
  3696 | D        | Killed a shining eye
  3697 | D        | Killed a shining eye
  3697 | D        | Reached skill level 15 in Short Blades
  3699 | D        | Killed a shining eye
  3708 | D        | Gained mutation: You are dopey. (Int -2) [a shining eye]
  3711 | D        | Killed a shining eye
  3732 | D        | Found Xoumuple's Distillery.
  3732 | D        | Found Luacehylol's Assorted Antiques.
  3732 | D        | Found Anoll's Food Emporium.
  3732 | D        | Found Ukkiluc's Weapon Boutique.
  3740 | D        | Bought 2 potions of mutation for 70 gold pieces
  3751 | D        | Bought a potion of mutation for 60 gold pieces
  3751 | D        | Gained mutation: You are agile. (Dex +2) [potion of mutation]
  3752 | D        | Gained mutation: Your body sometimes deteriorates upon taking damage. [potion of mutation]
  3752 | D        | Lost mutation: You are dopey. (Int -2) [potion of mutation]
  3753 | D        | Gained mutation: You expend magic power (3 MP) to strengthen your wands. [potion of mutation]
  3753 | D        | Lost mutation: You expend magic power (3 MP) to strengthen your wands. [potion of mutation]
  3753 | D        | Gained mutation: You tend to lose your temper in combat. [potion of mutation]
  3841 | D        | Bought a scroll of identify for 48 gold pieces
  3981 | D        | Killed a golden dragon
  4055 | D        | Found Gontiave's Magic Scroll Shoppe.
  4074 | D        | Bought a scroll of identify for 24 gold pieces
  4074 | D        | Bought a scroll of identify for 24 gold pieces
  4139 | D        | Noticed a hellwing
  4139 | D        | Noticed a siren
  4139 | D        | Noticed a wasp
  4140 | D        | Killed a siren
  4154 | D        | Killed a hellwing
  4154 | D        | Reached skill level 21 in Stealth
  4165 | D        | Killed a siren
  4353 | D        | Killed a wasp
  4382 | D        | Killed a deep elf annihilator
  4487 | D        | Noticed a mummy priest
  4493 | D        | Noticed an oklob plant
  4495 | D        | Noticed a jiangshi
  4557 | D        | Killed a mummy priest
  4557 | D        | Reached XP level 13. HP: 60/60 MP: 12/35
  4663 | D        | Killed an oklob plant
  4770 | D        | Noticed the 27-headed Lernaean hydra
  4775 | D        | Noticed a deep elf master archer
  4776 | D        | Killed the 27-headed Lernaean hydra
  4776 | D        | Reached skill level 15 in Dodging
  4776 | D        | Reached skill level 10 in Invocations
  4776 | D        | Reached skill level 10 in Evocations
  4779 | D        | Killed a deep elf master archer
  4832 | D        | Noticed Lom Lobon
  4836 | D        | Identified the Compendium of Cold and Attacks (You found it in the Dungeon)
  4883 | D        | HP: 1/57 [something (8)]
  4883 | D        | Succumbed to poison (dark miasma)

Vault maps used:
D:        dungeon_sprint_1

Action                   |  1- 3 |  4- 6 |  7- 9 | 10-12 | 13-15 || total
-------------------------+-------+-------+-------+-------+-------++-------
Melee: Dagger            |     8 |     4 |     1 |   112 |     4 ||   129
       Short sword       |       |       |    14 |    41 |       ||    55
 Fire: Shortbow          |       |       |       |     2 |       ||     2
 Cast: Corona            |     2 |       |       |       |       ||     2
       Ensorcelled Hiber |     3 |     2 |     2 |    18 |     1 ||    26
       Confuse           |       |       |     3 |    47 |       ||    50
       Dazzling Spray    |       |       |       |    21 |     8 ||    29
Invok: Shadow Step       |       |       |       |    10 |     3 ||    13
 Abil: Evoke Invisibilit |       |       |       |     1 |     2 ||     3
  Use: Scroll            |       |       |       |     8 |     2 ||    10
       Potion            |       |       |       |     6 |       ||     6
 Stab: Sleeping          |     2 |     4 |     6 |    47 |     3 ||    62
       Confused          |       |       |     4 |    18 |       ||    22
       Invisible         |       |       |       |     4 |       ||     4
       Distracted        |       |       |       |     1 |       ||     1
  Eat: Royal jelly       |       |       |       |     2 |       ||     2
